 Dungeon Crawl Stone Soup version 0.29-a0-233-g1125b37a9b (webtiles) character file.

Game seed: 10674995252620316496

92 tilp the Conjurer (level 4, -7/36 HPs)
             Began as a Naga Hedge Wizard on Mar 2, 2022.
             Mangled by a gnoll
             ... wielding a +0 halberd
              (15 damage)
             ... on level 3 of the Dungeon.
             The game lasted 00:04:56 (2969 turns).

tilp the Conjurer (Naga Hedge Wizard)               Turns: 2969, Time: 00:04:57

Health: -7/36      AC:  3    Str: 13    XL:     4   Next: 60%
Magic:  4/8        EV:  9    Int: 16    God:
Gold:   167        SH:  0    Dex: 10    Spells: 4/9 levels left

rFire   . . .      SeeInvis +   a - +2 hand axe (venom)
rCold   . . .      Faith    .   (no shield)
rNeg    . . .      Spirit   .   e - +0 robe
rPois   +          Reflect  .   s - +0 helmet
rElec   .          Harm     .   (no cloak)
rCorr   .          Rampage  .   (no gloves)
Will    .....                   (no barding)
Stlth   ++........              (no amulet)
HPRegen 0.12/turn               (no ring)
MPRegen 0.11/turn               (no ring)

@: very slow
A: AC +1, large, see invisible, deformed body, poison resistance, slowness 2,
spit poison 1, naga tail 1
a: Spit Poison


You were on level 3 of the Dungeon.
You visited 1 branch of the dungeon, and saw 3 of its levels.

You collected 167 gold pieces.

Inventory:

Hand Weapons
 a - a +2 hand axe of venom (weapon)
 b - a +4 short sword of venom
 f - a +0 dagger
 g - a +2 dagger of venom
 j - a +2 dagger of protection
Armour
 c - a +1 hat
 d - a +0 leather armour
 e - a +0 robe (worn)
 s - a +0 helmet (worn)
Jewellery
 n - a ring of ice
Scrolls
 l - a scroll of fear
 m - 2 scrolls of fog
 o - a scroll of magic mapping {unknown}
Potions
 h - a potion of lignification
 i - a potion of haste {unknown}
 k - a potion of heal wounds {unknown}
 p - a potion of degeneration {unknown}
 q - a potion of attraction {unknown}
 r - a potion of cancellation {unknown}


   Skills:
 - Level 1.5 Dodging
 - Level 3.0 Stealth
 - Level 3.0 Spellcasting
 + Level 3.5 Conjurations
 + Level 1.7 Summonings
 + Level 1.8 Translocations


You had 4 spell levels left.
You knew the following spells:

 Your Spells              Type           Power      Damage    Failure   Level
a - Magic Dart            Conj           52%        1d5       4%          1
b - Blink                 Tloc           16%        N/A       14%         2
c - Call Imp              Summ           8%         N/A       14%         2

Your spell library contained the following spells:

 Spells                   Type           Power      Damage    Failure   Level
 Slow                     Hex            8%         N/A       19%         1
 Conjure Flame            Conj/Fire      8%         6-21      26%         3
 Mephitic Cloud           Conj/Pois/Air  6%         N/A       34%         3


Dungeon Overview and Level Annotations

Branches:
Dungeon (3/15)

Altars:


Innate Abilities, Weirdness & Mutations

Your serpentine skin is tough. (AC +1)
You have supernaturally acute eyesight. (SInv)
Armour fits poorly on your strangely shaped body.
Your system is resistant to poisons. (rPois)
You cover ground very slowly.
You can spit poison.
You have a snake-like lower body.


Message History

Casting: Magic Dart (safe; 4% risk of failure)
Confirm with . or Enter, or press ? or * to list all spells.
Aiming: Magic Dart (safe; 4% risk of failure)
Press: ? - help, Shift-Dir - straight line, f/p - gnoll
Aim: a gnoll, wielding a +0 halberd (severely wounded, poisoned, 100% to hit)
The magic dart hits the gnoll.
The gnoll is lightly wounded.
Unknown command.
Unknown command.
Casting: Magic Dart (safe; 4% risk of failure)
Confirm with . or Enter, or press ? or * to list all spells.
Aiming: Magic Dart (safe; 4% risk of failure)
Press: ? - help, Shift-Dir - straight line, f/p - gnoll
Aim: a gnoll, wielding a +0 halberd (severely wounded, poisoned, 100% to hit)
The magic dart hits the gnoll.
The gnoll is lightly wounded.
You have got your breath back.
Unknown command.
Unknown command.
You closely miss the gnoll.
The gnoll is lightly wounded.
The gnoll barely misses you. The gnoll misses you.
You barely miss the gnoll.
The gnoll is lightly wounded.
The gnoll hits you with a +0 whip.
The gnoll hits you from afar with a +0 halberd!
* * * LOW HITPOINT WARNING * * *
The gnoll closely misses you.
You hit the gnoll.
The gnoll is poisoned.
The gnoll is moderately wounded.
The gnoll looks more healthy.
The gnoll completely misses you. The gnoll hits you but does no damage.
The gnoll barely misses you.
You completely miss the gnoll.
The gnoll is moderately wounded.
The gnoll closely misses you. The gnoll barely misses you.
Unknown command.
You slash the gnoll!
You kill the gnoll!
The gnoll hits you from afar with a +0 halberd!
You die...

...#
#.###.#######
##.#
#...........#
#
#####.#####.#
# #.# # #.# #
#.## #.=#
##.# #@# #)#
#g# # #g# ..
#w# #. #.#
... ...


You could see a worm and 2 gnolls.

Vanquished Creatures
  An orc wizard (D:3)
  2 adders (D:3)
  A gnoll (D:3)
  4 orcs (D:3)
  4 endoplasms
  4 giant cockroaches (D:1)
  2 goblins (D:1)
  3 hobgoblins
  A quokka (D:1)
  5 ball pythons
  4 bats
  A frilled lizard (D:2)
  6 kobolds
  8 rats
46 creatures vanquished.

Notes
Turn   | Place    | Note
-------+----------+-------------------------------------------
     0 | D:1      | tilp the Naga Hedge Wizard began the quest for the Orb.
     0 | D:1      | Reached XP level 1. HP: 15/15 MP: 4/4
   419 | D:1      | Reached XP level 2. HP: 22/22 MP: 4/6
   734 | D:1      | You fall into a shaft and drop 1 floor!
   861 | D:1      | Found a faded altar of an unknown god.
  1326 | D:2      | Reached XP level 3. HP: 25/28 MP: 7/7
  2072 | D:2      | Learned a level 2 spell: Blink
  2075 | D:2      | Learned a level 2 spell: Call Imp
  2364 | D:3      | Reached XP level 4. HP: 35/36 MP: 4/8
  2969 | D:3      | Mangled by a gnoll

Illustrated notes

Levels and vault maps discovered:
D:1:      dpeg_arrival_radiant, layout_loops_ring, basic_ecumenical_altar
D:2:      layout_basic, hex_large
D:3:      layout_loops_ring, gammafunk_ghost_arena

Skill      XL: |  1  2  3 |
---------------+----------+-----
Conjurations   | 2 3 |  3.5
Dodging        | |  1.5
Stealth        | |  3.0
Spellcasting   | |  3.0
Summonings     | |  1.7
Translocations | |  1.8

Action                   |  1- 3 |  4- 6 || total
-------------------------+-------+-------++-------
Melee: Dagger            |    16 |       ||    16
       Hand axe          |    23 |    15 ||    38
 Cast: Magic Dart        |    49 |     5 ||    54
 Abil: Spit Poison       |     4 |     2 ||     6
  Use: Scroll            |     5 |       ||     5
 Stab: Sleeping          |     5 |       ||     5
Armor: Robe              |     8 |     3 ||    11
Dodge: Dodged            |    16 |    16 ||    32

Table legend: (Time is in decaauts)
 A = Elapsed time spent in this place.
 B = Non-inter-level travel time spent in this place.
 C = Inter-level travel time spent in this place.
 D = Time resting spent in this place.
 E = Time spent auto-exploring this place.
 F = Levels seen in this place.
 G = Mean time per level.
                   A        B        C        D        E       F      G
               +--------+--------+--------+--------+--------+-----+--------+
         Total |   3494 |   3381 |    113 |    859 |   2084 |   3 | 1164.7 |
       Dungeon |   3494 |   3381 |    113 |    859 |   2084 |   3 | 1164.7 |
               +--------+--------+--------+--------+--------+-----+--------+

Top non-repeatable levels by time:
     D:1: 1452 daAuts
     D:2: 1160 daAuts
     D:3: 882 daAuts
